Map: Hecate LE

Players

LiquidClem (Clem)

  • Race: Terran Terran
  • League: Grandmaster
  • Spawn Location: 7:00

MaxPax - Winner!

  • Race: Protoss Protoss
  • League: Grandmaster
  • Spawn Location: 1:00

VOD

Have the link to the VOD?

Description

Time

  • Played on: Oct. 23, 2023, 3:48 p.m.
  • Length: 9:39
Show
View Real Time Build Order
Export as new Build Order

LiquidClem Terran 

Build Orders:  

Get SALT Encoding   

  12  0:00  SCV  
  13  0:12  SCV  
  14  0:16  Supply Depot  
  14  0:24  SCV  
  14  0:27  Refinery  
  15  0:38  SCV  
  16  0:44  Barracks  
  16  0:50  SCV  
  17  1:02  SCV  
  18  1:14  SCV  
  19  1:21  Engineering Bay  
  19  1:32  Orbital Command, Marine  
  20  1:38  Factory  
  20  1:45  Supply Depot  
  20  1:50  Barracks Reactor  
  20  1:58  SCV  
  21  2:10  SCV  
  22  2:23  SCV  
  22  2:29  Hellion x2  
  27  2:32  Supply Depot  
  27  2:36  Command Center  
  27  2:39  SCV  
  28  2:51  Hellion, SCV  
  30  2:53  Barracks Tech Lab  
  30  2:54  Hellion  
  30  2:58  Refinery  
  33  3:03  Supply Depot  
  33  3:05  SCV  
  34  3:14  Starport  
  34  3:18  SCV  
  35  3:26  Marine x2  
  37  3:29  Cyclone  
  37  3:31  SCV  
  40  3:44  SCV  
  40  3:45  Marine x2  
  41  3:48  Orbital Command  
  37  3:57  SCV  
  37  4:00  Medivac  
  37  4:01  Cyclone  
  42  4:03  Marine  
  42  4:05  Orbital Command  
  42  4:09  SCV  
  44  4:16  Marine  
  45  4:21  Marine, SCV  
  47  4:30  Viking, SCV  
  50  4:33  SCV  
  50  4:36  Marine, Supply Depot  
  50  4:38  Cyclone  
  54  4:41  Marine  
  54  4:42  SCV  
  54  4:45  SCV  
  56  4:46  Barracks  
  56  4:54  SCV  
  56  4:55  Supply Depot  
  56  4:57  SCV, Marine  
  59  5:01  Marine  
  59  5:05  Starport Tech Lab  
  59  5:06  Barracks, SCV  
  61  5:09  SCV  
  61  5:13  Supply Depot  
  62  5:15  Marine  
  62  5:19  Marine, Engineering Bay  
  62  5:20  Siege Tank  
  66  5:21  SCV  
  66  5:23  SCV  
  66  5:33  Marine  
  66  5:34  Refinery  
  65  5:37  Starport Reactor, Marine  
  65  5:38  SCV  
  65  5:40  SCV  
  68  5:46  Terran Infantry Weapons Level 1  
  67  5:50  Marine, SCV  
  67  5:51  Stimpack  
  67  5:52  Marauder  
  67  5:54  Marine  
  69  5:59  SCV  
  67  6:08  Marine  
  63  6:13  Marauder  
  63  6:14  Factory Reactor  
  63  6:15  SCV  
  63  6:16  Marine  
  63  6:20  SCV  
  63  6:22  Marine  
  63  6:23  Combat Shield  
  54  6:26  Marine  
  54  6:27  SCV  
  54  6:28  Medivac  
  54  6:29  Medivac  
  55  6:33  SCV  
  55  6:34  Marine x2  
  55  6:39  SCV  
  59  6:40  Marine  
  59  6:44  Marine  
  59  6:46  Barracks  
  61  6:47  Barracks, SCV  
  61  6:51  SCV  
  61  6:52  Widow Mine  
  67  6:54  Widow Mine  
  67  6:55  Marine  
  67  6:57  Marauder  
  67  6:59  SCV  
  71  7:03  SCV  
  71  7:04  Marauder  
  71  7:06  Supply Depot  
  74  7:09  Marine  
  74  7:11  SCV  
  74  7:13  Medivac x2  
  79  7:15  SCV  
  79  7:16  Supply Depot  
  79  7:19  Marauder  
  79  7:21  Marine  
  81  7:23  Widow Mine, SCV  
  81  7:24  Widow Mine  
  84  7:30  Marine, Refinery  
  84  7:32  SCV  
  84  7:35  SCV, Supply Depot  
  84  7:36  Barracks Reactor, Barracks Tech Lab  
  87  7:39  Supply Depot, Concussive Shells  
  87  7:42  Marine  
  88  7:44  SCV, Marauder  
  88  7:48  Marauder  
  88  7:50  Widow Mine  
  94  7:51  Widow Mine  
  94  7:53  Marine  
  94  7:57  Marauder  
  99  7:59  Supply Depot  
  99  8:01  Marine  
  100  8:07  Marauder  
  100  8:10  Supply Depot  
  100  8:12  Marauder  
  104  8:14  Marine x2  
  104  8:16  Marine  
  109  8:20  Widow Mine x2  
  109  8:22  Marine  
  109  8:24  Marauder  
  114  8:29  Marauder  
  114  8:33  Supply Depot  
  116  8:36  Marine x2  
  116  8:40  Marauder  
  120  8:41  Marine  
  120  8:46  Widow Mine  
  114  9:06  Marine  
  106  9:14  Marine  
  93  9:18  Marine  
  93  9:20  Marine  
Show
View Real Time Build Order
Export as new Build Order

MaxPax Protoss - Winner!

Build Orders: 1 Gate Expand, Phoenix Opening 

Get SALT Encoding   

  12  0:00  Probe  
  13  0:12  Probe  
  14  0:17  Pylon  
  14  0:24  Probe (Chrono Boost)  
  16  0:36  Gateway, Probe (Chrono Boost)  
  16  0:43  Probe (Chrono Boost)  
  16  0:45  Assimilator  
  17  0:51  Probe  
  18  1:03  Probe  
  19  1:15  Probe  
  20  1:24  Cybernetics Core  
  22  1:33  Probe  
  21  1:41  Nexus  
  21  1:43  Pylon  
  21  1:46  Probe  
  22  1:48  Assimilator  
  22  1:58  Adept (Chrono Boost), Probe  
  25  2:10  Probe  
  26  2:21  Stargate  
  26  2:22  Probe  
  27  2:31  Stalker  
  27  2:34  Probe  
  27  2:36  Shield Battery  
  30  2:39  Shield Battery  
  30  2:45  Warp Gate  
  30  2:47  Probe (Chrono Boost)  
  31  2:54  Probe (Chrono Boost)  
  33  3:04  Probe (Chrono Boost)  
  33  3:05  Probe (Chrono Boost), Phoenix (Chrono Boost)  
  34  3:09  Probe (Chrono Boost)  
  34  3:10  Probe (Chrono Boost)  
  38  3:20  Probe  
  38  3:21  Phoenix (Chrono Boost)  
  38  3:22  Probe  
  42  3:29  Pylon  
  42  3:32  Probe  
  43  3:34  Probe  
  43  3:38  Phoenix (Chrono Boost)  
  44  3:44  Probe  
  44  3:47  Probe  
  43  3:56  Probe  
  43  4:01  Gateway  
  44  4:03  Gateway  
  44  4:04  Twilight Council, Probe  
  45  4:10  Probe  
  46  4:18  Probe  
  46  4:21  Nexus  
  46  4:23  Probe  
  48  4:31  Probe  
  51  4:33  Pylon  
  51  4:37  Stalker  
  53  4:39  Probe  
  54  4:47  Charge (Chrono Boost)  
  54  4:49  Pylon  
  54  4:51  Probe  
  53  4:54  Probe  
  53  4:55  Stalker  
  53  4:58  Stalker  
  53  4:59  Shield Battery  
  58  5:03  Stalker  
  60  5:11  Phoenix  
  60  5:12  Probe  
  63  5:15  Probe  
  64  5:23  Stalker  
  64  5:24  Zealot  
  64  5:25  Zealot  
  70  5:31  Probe  
  70  5:33  Probe  
  70  5:36  Probe  
  68  5:44  Probe  
  68  5:45  Probe  
  68  5:47  Zealot x2  
  74  5:53  Probe  
  74  5:57  Probe  
  76  5:58  Phoenix  
  76  6:05  Probe  
  76  6:07  Probe  
  76  6:09  Pylon  
  78  6:16  Zealot x3  
  84  6:23  Phoenix (Chrono Boost)  
  80  6:31  Probe x3  
  80  6:32  Gateway  
  79  6:33  Gateway  
  79  6:34  Gateway x2  
  79  6:37  Forge  
  79  6:39  Robotics Facility  
  79  6:43  Probe x3  
  79  6:44  Gateway, Phoenix (Chrono Boost)  
  84  6:49  Zealot x3  
  84  6:51  Pylon  
  90  6:55  Probe x2  
  90  6:57  Probe  
  90  6:59  Assimilator  
  93  7:03  Pylon x3  
  93  7:09  Probe  
  93  7:13  Sentry, Zealot x2  
  100  7:16  Nexus  
  100  7:23  Warp Prism (Chrono Boost)  
  100  7:25  Protoss Ground Weapons Level 1 (Chrono Boost)  
  100  7:29  Probe x3  
  105  7:37  Zealot x5  
  115  7:44  Probe  
  115  7:48  Zealot x3  
  121  7:51  Probe  
  121  7:52  Observer (Chrono Boost)  
  121  7:56  Probe  
  124  8:01  Robotics Bay  
  124  8:05  Pylon  
  124  8:09  Photon Cannon  
  124  8:13  Pylon x2  
  124  8:16  Observer (Chrono Boost)  
  124  8:17  Pylon  
  125  8:25  Zealot x2  
  125  8:26  Zealot x2  
  133  8:30  Immortal (Chrono Boost)  
  133  8:32  Zealot x3  
  133  8:33  Zealot  
  145  8:37  Shield Battery  
  145  8:38  Photon Cannon  
  145  8:39  Probe  
  145  8:40  Probe x3  
  149  8:49  Stalker x2  
  149  8:50  Stalker x2  
  149  8:51  Probe  
  149  8:53  Photon Cannon  
  158  8:58  Zealot x3  
  158  8:59  Zealot  
  144  9:14  Stalker x2  
  144  9:15  Zealot x2  
  134  9:21  Zealot x4  
  95  9:37  Zealot x4  
Tags
 
Add a new tag
Caveats
  • Supply blocks, unpowered buildings, or Contaminate may cause inaccurate times.
  • Supply counts are checked every 10 seconds.